| TOP OF THE 1ST |
|
Montreal Expos batting - Pitching for New York Yankees : LHP Arturo Eli
|
|
Pitching: LHP Arturo Eli
|
|
|
Batting: RHB John Ham
|
0-0: Called Strike 0-1: Foul Ball, location: 2F 0-2: Foul Ball, location: 2F 0-2: Ground out 5-3 (Groundball, 56S, EV 64.4 MPH)
|
|
Batting: RHB Steve French
|
0-0: Ground out 5-3 (Groundball, 56S, EV 89.4 MPH)
|
|
Batting: SHB Joey Pacheco
|
0-0: Called Strike 0-1: SOLO HOME RUN (Flyball, 78XD, EV 111.2 MPH), Distance : 428 ft
|
|
Batting: RHB Jonathan Fraire
|
0-0: Ball 1-0: Ball 2-0: Called Strike 2-1: Foul Ball, location: 2F 2-2: Strikes out swinging
|
| Top of the 1st over - 1 run, 1 hit, 0 errors, 0 left on base; Montreal 1 - New York 0 |
| BOTTOM OF THE 1ST |
|
New York Yankees batting - Pitching for Montreal Expos : RHP Jose Robles
|
|
Pitching: RHP Jose Robles
|
|
|
Batting: RHB Russ Shambaugh
|
0-0: Ground out 6-3 (Groundball, 6, EV 81.9 MPH)
|
|
Batting: RHB Jeckel Hester
|
0-0: Ball 1-0: Ball 2-0: Ground out 4-3 (Groundball, 34, EV 85.0 MPH)
|
|
Batting: SHB Bartholomeu Chambino
|
0-0: Ball 1-0: Swinging Strike 1-1: Ball 2-1: Foul Ball, location: 2F 2-2: Foul Ball, location: 2F 2-2: Ball 3-2: Base on Balls
|
|
Batting: SHB Gus Berry
|
0-0: Called Strike 0-1: Ball 1-1: Called Strike 1-2: Strikes out swinging
|
| Bottom of the 1st over - 0 runs, 0 hits, 0 errors, 1 left on base; Montreal 1 - New York 0 |
| TOP OF THE 2ND |
|
Montreal Expos batting - Pitching for New York Yankees : LHP Arturo Eli
|
|
Batting: RHB Tommy Mize
|
0-0: Ball 1-0: Called Strike 1-1: Ball 2-1: Ground out 6-3 (Groundball, 56, EV 101.9 MPH)
|
|
Batting: LHB Austin Ohmer
|
0-0: Ground out 5-3 (Groundball, 6, EV 100.0 MPH)
|
|
Batting: RHB Tommie Eaton
|
0-0: Called Strike 0-1: DOUBLE (Line Drive, 89XD, EV 111.2 MPH)
|
|
Batting: RHB Eugênio Asceno
|
0-0: Ground out 5-3 (Groundball, 56, EV 98.8 MPH)
|
| Top of the 2nd over - 0 runs, 1 hit, 0 errors, 1 left on base; Montreal 1 - New York 0 |
| BOTTOM OF THE 2ND |
|
New York Yankees batting - Pitching for Montreal Expos : RHP Jose Robles
|
|
Batting: RHB Larry Martell
|
0-0: Ball 1-0: Ball 2-0: Ball 3-0: Called Strike 3-1: Called Strike 3-2: Base on Balls
|
|
Batting: SHB Mukhtar Wa'il
|
0-0: Called Strike 0-1: Ball Wild Pitch! Larry Martell to second 1-1: Ball 2-1: Fly out, F8 (Flyball, 8LXD, EV 84.4 MPH) Runner from 2nd tags up, SAFE at 3rd, no throw by CF
|
|
Batting: RHB Shiro Suehiro
|
0-0: Swinging Strike 0-1: Ground out 5-3 (Groundball, 56S, EV 83.8 MPH) Larry Martell scores
|
|
Batting: RHB Geni Prawiranega
|
0-0: Called Strike 0-1: Called Strike 0-2: Ball 1-2: Foul Ball, location: 2F 1-2: Ball 2-2: Foul Ball, location: 2F 2-2: Ground out 3-1 (Groundball, 34S, EV 82.5 MPH)
|
| Bottom of the 2nd over - 1 run, 0 hits, 0 errors, 0 left on base; Montreal 1 - New York 1 |
| TOP OF THE 3RD |
|
Montreal Expos batting - Pitching for New York Yankees : LHP Arturo Eli
|
|
Batting: RHB Danny Diaz
|
0-0: Ball 1-0: Ball 2-0: Ball 3-0: Called Strike 3-1: Base on Balls
|
|
Batting: RHB John Ham
|
0-0: Called Strike 0-1: Called Strike 0-2: Strikes out swinging
|
|
Batting: RHB Steve French
|
0-0: Swinging Strike 0-1: Called Strike 0-2: Ball 1-2: Strikes out swinging
|
|
Batting: SHB Joey Pacheco
|
0-0: Called Strike 0-1: Swinging Strike 0-2: Strikes out looking
|
| Top of the 3rd over - 0 runs, 0 hits, 0 errors, 1 left on base; Montreal 1 - New York 1 |
| BOTTOM OF THE 3RD |
|
New York Yankees batting - Pitching for Montreal Expos : RHP Jose Robles
|
|
Batting: RHB Ryan Neal
|
0-0: Reached on error, E5 (Groundball, 56, EV 102.5 MPH)
|
|
Batting: RHB Russ Shambaugh
|
0-0: Sac Bunt to 2L - play at first, batter OUT! 2-3 Ryan Neal to second
|
|
Batting: RHB Jeckel Hester
|
0-0: Ground out U3 (Groundball, 3, EV 98.1 MPH) Ryan Neal to third
|
|
Batting: SHB Bartholomeu Chambino
|
0-0: Ball 1-0: Called Strike 1-1: Swinging Strike 1-2: Foul Ball, location: 2F 1-2: Ball 2-2: Ball 3-2: Foul Ball, location: 2F 3-2: Strikes out swinging
|
| Bottom of the 3rd over - 0 runs, 0 hits, 1 error, 1 left on base; Montreal 1 - New York 1 |
| TOP OF THE 4TH |
|
Montreal Expos batting - Pitching for New York Yankees : LHP Arturo Eli
|
|
Batting: RHB Jonathan Fraire
|
0-0: Called Strike 0-1: Foul Ball, location: 2F 0-2: Ball 1-2: Ball 2-2: Ball 3-2: Strikes out swinging
|
|
Batting: RHB Tommy Mize
|
0-0: SINGLE (Groundball, 34D, EV 108.8 MPH)
|
|
Batting: LHB Austin Ohmer
|
0-0: Ball 1-0: Ball 2-0: Called Strike 2-1: DOUBLE (Flyball, 78XD, EV 105.0 MPH) Tommy Mize to third Runner from 3rd tries for Home, SAFE, throw by LF to trailing runner, OUT at third! 7-3-5
|
|
Batting: RHB Tommie Eaton
|
0-0: Foul Ball, location: 2F 0-1: Ball 1-1: Hit by Pitch
|
|
Batting: RHB Eugênio Asceno
|
Pickoff Throw to First - Out! 1-3
|
| Top of the 4th over - 1 run, 2 hits, 0 errors, 0 left on base; Montreal 2 - New York 1 |
| BOTTOM OF THE 4TH |
|
New York Yankees batting - Pitching for Montreal Expos : RHP Jose Robles
|
|
Batting: SHB Gus Berry
|
0-0: Ball 1-0: Foul Ball, location: 2F 1-1: Foul Ball, location: 2F 1-2: Ball 2-2: Ground out U3 (Groundball, 3L, EV 80.6 MPH)
|
|
Batting: RHB Larry Martell
|
0-0: Swinging Strike 0-1: Ball 1-1: Foul Ball, location: 2F 1-2: Foul Ball, location: 2F 1-2: Strikes out looking
|
|
Batting: SHB Mukhtar Wa'il
|
0-0: Ball 1-0: Swinging Strike 1-1: Ball 2-1: Swinging Strike 2-2: Ball 3-2: Ground out 4-3 (Groundball, 4, EV 82.5 MPH)
|
| Bottom of the 4th over - 0 runs, 0 hits, 0 errors, 0 left on base; Montreal 2 - New York 1 |
| TOP OF THE 5TH |
|
Montreal Expos batting - Pitching for New York Yankees : LHP Arturo Eli
|
|
Batting: RHB Eugênio Asceno
|
0-0: Swinging Strike 0-1: Called Strike 0-2: Ball 1-2: Foul Ball, location: 2F 1-2: Foul Ball, location: 2F 1-2: Ball 2-2: Ball 3-2: Foul Ball, location: 2F 3-2: Base on Balls
|
|
Batting: RHB Danny Diaz
|
0-0: Swinging Strike 0-1: Grounds into double play, 4-6-3 (Groundball, 4, EV 105.0 MPH)
|
|
Batting: RHB John Ham
|
0-0: Ball 1-0: DOUBLE (Flyball, 78XD, EV 110.6 MPH)
|
|
Batting: RHB Steve French
|
0-0: Foul Ball, location: 2F 0-1: Ground out U3 (Groundball, 34S, EV 90.0 MPH)
|
| Top of the 5th over - 0 runs, 1 hit, 0 errors, 1 left on base; Montreal 2 - New York 1 |
| BOTTOM OF THE 5TH |
|
New York Yankees batting - Pitching for Montreal Expos : RHP Jose Robles
|
|
Batting: RHB Shiro Suehiro
|
0-0: Swinging Strike 0-1: Foul Ball, location: 2F 0-2: Ball 1-2: Foul Ball, location: 2F 1-2: Strikes out swinging
|
|
Batting: RHB Geni Prawiranega
|
0-0: Ball 1-0: Ball 2-0: Called Strike 2-1: Ball 3-1: Base on Balls
|
|
Batting: RHB Ryan Neal
|
0-0: Called Strike 0-1: Fly out, F8 (Flyball, 8RS, EV 99.4 MPH)
|
|
Batting: RHB Russ Shambaugh
|
0-0: Called Strike 0-1: Swinging Strike 0-2: Foul Ball, location: 2F 0-2: SINGLE (Groundball, 6S, EV 67.5 MPH) (infield hit) Geni Prawiranega to second
|
|
Batting: RHB Jeckel Hester
|
0-0: Called Strike 0-1: Ball 1-1: Called Strike 1-2: Ball 2-2: Foul Ball, location: 2F 2-2: Ball 3-2: Foul Ball, location: 2F 3-2: SINGLE (Line Drive, 78S, EV 105.6 MPH) Geni Prawiranega to third Russ Shambaugh to second Geni Prawiranega scores Russ Shambaugh to third
|
|
Batting: SHB Bartholomeu Chambino
|
0-0: Called Strike 0-1: Ball 1-1: Foul Ball, location: 2F 1-2: Ball Pickoff Throw by Catcher to First - Error! E2 Russ Shambaugh scores Jeckel Hester to second 2-2: Fly out, F9 (Line Drive, 9S, EV 88.1 MPH)
|
| Bottom of the 5th over - 2 runs, 2 hits, 1 error, 1 left on base; Montreal 2 - New York 3 |
| TOP OF THE 6TH |
|
Montreal Expos batting - Pitching for New York Yankees : LHP Arturo Eli
|
|
Batting: SHB Joey Pacheco
|
0-0: Called Strike 0-1: Ball 1-1: Foul Ball, location: 2F 1-2: Strikes out swinging
|
|
Batting: RHB Jonathan Fraire
|
0-0: Fly out, F4 (Popup, 13S, EV 82.5 MPH)
|
|
Batting: RHB Tommy Mize
|
0-0: Ball 1-0: Ground out 5-3 (Groundball, 56, EV 86.9 MPH)
|
| Top of the 6th over - 0 runs, 0 hits, 0 errors, 0 left on base; Montreal 2 - New York 3 |
| BOTTOM OF THE 6TH |
|
New York Yankees batting - Pitching for Montreal Expos : RHP Jose Robles
|
|
Batting: SHB Gus Berry
|
0-0: Called Strike 0-1: Ball 1-1: Foul Ball, location: 2F 1-2: Foul Ball, location: 2F 1-2: Fly out, F7 (Flyball, 78D, EV 98.1 MPH)
|
|
Batting: RHB Larry Martell
|
0-0: Ball 1-0: Fly out, F8 (Flyball, 8LS, EV 75.6 MPH)
|
|
Batting: SHB Mukhtar Wa'il
|
0-0: Fly out, F8 (Flyball, 8LD, EV 108.1 MPH)
|
| Bottom of the 6th over - 0 runs, 0 hits, 0 errors, 0 left on base; Montreal 2 - New York 3 |
| TOP OF THE 7TH |
|
Montreal Expos batting - Pitching for New York Yankees : LHP Arturo Eli
|
|
Batting: LHB Austin Ohmer
|
0-0: Called Strike 0-1: Ball 1-1: SINGLE (Line Drive, 4M, EV 95.0 MPH)
|
|
Batting: RHB Tommie Eaton
|
0-0: Ball 1-0: Swinging Strike 1-1: Swinging Strike 1-2: Ball 2-2: SINGLE (Groundball, 34D, EV 110.0 MPH) Austin Ohmer to second Throwing error, E9 Austin Ohmer scores Tommie Eaton to second
|
|
Batting: RHB Eugênio Asceno
|
0-0: Ground out 4-3 (Groundball, 4, EV 106.2 MPH) Tommie Eaton to third
|
|
Batting: RHB Danny Diaz
|
0-0: Ball 1-0: Ball 2-0: Ground out 5-3 (Groundball, 25, EV 69.4 MPH)
|
|
Batting: RHB John Ham
|
0-0: Swinging Strike 0-1: Swinging Strike 0-2: Ball 1-2: TRIPLE (Line Drive, 9LD, EV 105.0 MPH) Tommie Eaton scores
|
|
Batting: RHB Steve French
|
0-0: Foul Ball, location: 2F 0-1: Foul Ball, location: 2F 0-2: Ball 1-2: Fly out, F9 (Flyball, 9S, EV 85.0 MPH)
|
| Top of the 7th over - 2 runs, 3 hits, 1 error, 1 left on base; Montreal 4 - New York 3 |
| BOTTOM OF THE 7TH |
|
New York Yankees batting - Pitching for Montreal Expos : RHP Jose Robles
|
|
Batting: RHB Shiro Suehiro
|
0-0: Ball 1-0: Ball 2-0: Ball 3-0: Called Strike 3-1: Base on Balls
|
|
Pitching: RHP Joel Montenegro
|
|
|
Batting: RHB Geni Prawiranega
|
0-0: 2-RUN HOME RUN (Flyball, 7LD, EV 95.0 MPH), Distance : 350 ft
|
|
Batting: RHB Ryan Neal
|
0-0: Ball 1-0: Ball 2-0: Called Strike 2-1: Foul Ball, location: 2F 2-2: Strikes out swinging
|
|
Batting: RHB Russ Shambaugh
|
0-0: Called Strike 0-1: Ball 1-1: Swinging Strike 1-2: Strikes out swinging, 2-3 out at first.
|
|
Batting: RHB Jeckel Hester
|
0-0: Ground out 5-3 (Groundball, 56, EV 80.0 MPH)
|
| Bottom of the 7th over - 2 runs, 1 hit, 0 errors, 0 left on base; Montreal 4 - New York 5 |
| TOP OF THE 8TH |
|
Montreal Expos batting - Pitching for New York Yankees : LHP Arturo Eli
|
|
Batting: SHB Joey Pacheco
|
0-0: Ball 1-0: Foul Ball, location: 2F 1-1: Foul Ball, location: 2F 1-2: Ground out 5-3 (Groundball, 5S, EV 67.5 MPH)
|
|
Batting: RHB Jonathan Fraire
|
0-0: Ball 1-0: Called Strike 1-1: Ball 2-1: Called Strike 2-2: Foul Ball, location: 2F 2-2: Ball 3-2: Ground out 1-3 (Groundball, 15S, EV 68.1 MPH)
|
|
Batting: RHB Tommy Mize
|
0-0: Called Strike 0-1: Ball 1-1: Ball 2-1: SOLO HOME RUN (Flyball, 78XD, EV 103.8 MPH), Distance : 419 ft
|
|
Batting: LHB Austin Ohmer
|
0-0: Ball 1-0: Called Strike 1-1: Foul Ball, location: 2F 1-2: Foul Ball, location: 2F 1-2: Fly out, F9 (Flyball, 9LM, EV 92.5 MPH)
|
| Top of the 8th over - 1 run, 1 hit, 0 errors, 0 left on base; Montreal 5 - New York 5 |
| BOTTOM OF THE 8TH |
|
New York Yankees batting - Pitching for Montreal Expos : RHP Joel Montenegro
|
|
Batting: SHB Bartholomeu Chambino
|
0-0: Called Strike 0-1: Foul Ball, location: 2F 0-2: Foul Ball, location: 2F 0-2: Foul Ball, location: 2F 0-2: Strikes out swinging
|
|
Batting: SHB Gus Berry
|
0-0: Called Strike 0-1: Fly out, F9 (Flyball, 9S, EV 83.1 MPH)
|
|
Batting: RHB Larry Martell
|
0-0: Called Strike 0-1: Ball 1-1: SINGLE (Groundball, 3D, EV 103.1 MPH)
|
|
Batting: SHB Mukhtar Wa'il
|
0-0: Swinging Strike 0-1: Fly out, F8 (Flyball, 89D, EV 95.0 MPH)
|
| Bottom of the 8th over - 0 runs, 1 hit, 0 errors, 1 left on base; Montreal 5 - New York 5 |
| TOP OF THE 9TH |
|
Montreal Expos batting - Pitching for New York Yankees : LHP Arturo Eli
|
|
Pitching: LHP Joel Pacheco
|
|
|
Batting: RHB Tommie Eaton
|
0-0: Ball 1-0: Ball 2-0: Called Strike 2-1: Foul Ball, location: 2F 2-2: Ball 3-2: Foul Ball, location: 2F 3-2: Foul Ball, location: 2F 3-2: Ground out 5-3 (Groundball, 56S, EV 89.4 MPH)
|
|
Batting: RHB Eugênio Asceno
|
0-0: Called Strike 0-1: Called Strike 0-2: Foul Ball, location: 2F 0-2: Strikes out swinging
|
|
Batting: RHB Danny Diaz
|
0-0: Called Strike 0-1: Ground out 5-3 (Groundball, 5L, EV 103.1 MPH)
|
| Top of the 9th over - 0 runs, 0 hits, 0 errors, 0 left on base; Montreal 5 - New York 5 |
| BOTTOM OF THE 9TH |
|
New York Yankees batting - Pitching for Montreal Expos : RHP Joel Montenegro
|
|
Pitching: RHP Nelson Dawson
|
|
|
Batting: RHB Shiro Suehiro
|
0-0: Foul Ball, location: 2F 0-1: Ball 1-1: Fly out, F9 (Flyball, 89S, EV 88.1 MPH)
|
|
Batting: RHB Geni Prawiranega
|
0-0: Ball 1-0: Ball 2-0: Ground out 6-3 (Groundball, 6MS, EV 72.5 MPH)
|
|
Pinch Hitting: LHB Joel Vera
|
0-0: Called Strike 0-1: Ball 1-1: Swinging Strike 1-2: Foul Ball, location: 2F 1-2: Ball 2-2: Ground out 5-3 (Groundball, 6, EV 88.1 MPH)
|
| Bottom of the 9th over - 0 runs, 0 hits, 0 errors, 0 left on base; Montreal 5 - New York 5 |
| TOP OF THE 10TH |
|
Montreal Expos batting - Pitching for New York Yankees : LHP Joel Pacheco
|
|
Now at SS: Dan Morris
|
|
|
Batting: RHB John Ham
|
0-0: Called Strike 0-1: Ball 1-1: Ball 2-1: Called Strike 2-2: Fly out, F8 (Flyball, 8LS, EV 83.8 MPH)
|
|
Batting: RHB Steve French
|
0-0: Called Strike 0-1: Called Strike 0-2: Strikes out swinging
|
|
Batting: SHB Joey Pacheco
|
0-0: Fly out, F4 (Popup, 4D, EV 50.0 MPH)
|
| Top of the 10th over - 0 runs, 0 hits, 0 errors, 0 left on base; Montreal 5 - New York 5 |
| BOTTOM OF THE 10TH |
|
New York Yankees batting - Pitching for Montreal Expos : RHP Nelson Dawson
|
|
Pitching: RHP Jakub Kvacek
|
|
|
Batting: RHB Russ Shambaugh
|
0-0: Ball 1-0: Ground out 6-3 (Groundball, 6, EV 88.8 MPH)
|
|
Batting: RHB Jeckel Hester
|
0-0: Called Strike 0-1: Foul Ball, location: 2F 0-2: Foul Ball, location: 2F 0-2: Fly out, F8 (Flyball, 8RD, EV 96.9 MPH)
|
|
Batting: SHB Bartholomeu Chambino
|
0-0: Foul Ball, location: 2F 0-1: Foul Ball, location: 2F 0-2: Strikes out swinging
|
| Bottom of the 10th over - 0 runs, 0 hits, 0 errors, 0 left on base; Montreal 5 - New York 5 |
| TOP OF THE 11TH |
|
Montreal Expos batting - Pitching for New York Yankees : LHP Joel Pacheco
|
|
Batting: RHB Jonathan Fraire
|
0-0: Hit by Pitch
|
|
Batting: RHB Tommy Mize
|
0-0: Ball 1-0: Foul Ball, location: 2F 1-1: Ball Wild Pitch! Jonathan Fraire to second 2-1: Fly out, F7 (Flyball, 78M, EV 81.2 MPH)
|
|
Batting: LHB Austin Ohmer
|
0-0: Ball 1-0: Swinging Strike 1-1: Foul Ball, location: 2F 1-2: Ball 2-2: Strikes out looking
|
|
Batting: RHB Tommie Eaton
|
0-0: Ball 1-0: Called Strike 1-1: Foul Ball, location: 2F 1-2: Strikes out swinging, 2-3 out at first.
|
| Top of the 11th over - 0 runs, 0 hits, 0 errors, 1 left on base; Montreal 5 - New York 5 |
| BOTTOM OF THE 11TH |
|
New York Yankees batting - Pitching for Montreal Expos : RHP Jakub Kvacek
|
|
Batting: SHB Gus Berry
|
0-0: Called Strike 0-1: Foul Ball, location: 2F 0-2: Strikes out swinging
|
|
Batting: RHB Larry Martell
|
0-0: Foul Ball, location: 2F 0-1: Ball 1-1: Foul Ball, location: 2F 1-2: Strikes out swinging
|
|
Batting: SHB Mukhtar Wa'il
|
0-0: Called Strike 0-1: Ball 1-1: Called Strike 1-2: Strikes out swinging, 2-3 out at first.
|
| Bottom of the 11th over - 0 runs, 0 hits, 0 errors, 0 left on base; Montreal 5 - New York 5 |
| TOP OF THE 12TH |
|
Montreal Expos batting - Pitching for New York Yankees : LHP Joel Pacheco
|
|
Pitching: RHP Brad Kramer
|
|
|
Batting: RHB Eugênio Asceno
|
0-0: Foul Ball, location: 2F 0-1: Ball 1-1: Swinging Strike 1-2: Foul Ball, location: 2F 1-2: Strikes out swinging
|
|
Pinch Hitting: LHB Mark Marvin
|
0-0: Ball 1-0: Ball 2-0: Foul Ball, location: 2F 2-1: Ball 3-1: Base on Balls
|
|
Pinch Hitting: LHB Bill McGregor
|
0-0: Ball 1-0: Ball 2-0: Ball 3-0: Called Strike 3-1: Foul Ball, location: 2F 3-2: Base on Balls Mark Marvin to second
|
|
Pinch Hitting: SHB Lou Kroneman
|
0-0: Swinging Strike 0-1: Ball 1-1: 3-RUN HOME RUN (Flyball, 9D, EV 105.6 MPH), Distance : 403 ft
|
|
Batting: SHB Joey Pacheco
|
0-0: Swinging Strike 0-1: Ball 1-1: Foul Ball, location: 2F 1-2: Strikes out swinging
|
|
Batting: RHB Jonathan Fraire
|
0-0: Called Strike 0-1: Foul Ball, location: 2F 0-2: SOLO HOME RUN (Flyball, 7D, EV 97.5 MPH), Distance : 386 ft
|
|
Pitching: LHP Robert Cruz
|
|
|
Batting: RHB Tommy Mize
|
0-0: Ground out 6-3 (Groundball, 6, EV 84.4 MPH)
|
| Top of the 12th over - 4 runs, 2 hits, 0 errors, 0 left on base; Montreal 9 - New York 5 |
| BOTTOM OF THE 12TH |
|
New York Yankees batting - Pitching for Montreal Expos : RHP Jakub Kvacek
|
|
Now at 1B: Mark Marvin
|
|
|
Now at 2B: Lou Kroneman
|
|
|
Now in LF: Bill McGregor
|
|
|
Batting: RHB Shiro Suehiro
|
0-0: Ball 1-0: Ground out U3 (Groundball, 34S, EV 87.5 MPH)
|
|
Batting: RHB Geni Prawiranega
|
0-0: Ball 1-0: Swinging Strike 1-1: Swinging Strike 1-2: Fly out, F9 (Flyball, 9D, EV 90.0 MPH)
|
|
Batting: LHB Dan Morris
|
0-0: Ball 1-0: Ball 2-0: Ground out 6-3 (Groundball, 6, EV 90.0 MPH)
|
| Bottom of the 12th over - 0 runs, 0 hits, 0 errors, 0 left on base; Montreal 9 - New York 5 |
|